 Dungeon Crawl Stone Soup version 0.18-a0-1203-gbde16db (webtiles) character file.

259 M4edhros the Sneak (level 6, -5/38 HPs)
             Began as an Octopode Artificer on Jan 31, 2016.
             Was an Initiate of Okawaru.
             Killed by the severe capriciousness of Xom (32 damage)
             ... on level 4 of the Dungeon.
             The game lasted 00:03:09 (2954 turns).

M4edhros the Sneak (Octopode Artificer)             Turns: 2954, Time: 00:03:10

Health: -5/38      AC:  1    Str: 10    XL:     6   Next: 17%
Magic:  9/9        EV: 13    Int: 16    God:    Okawaru [......]
Gold:   190        SH:  0    Dex: 13    Spells: 0 memorised, 5 levels left

rFire  . . .     SeeInvis .     l - +3 dagger
rCold  . . .     Gourm    .     (no shield)
rNeg   . . .     Faith    .     (helmet restricted)
rPois  .         Spirit   .     j - amulet of rage (curse)
rElec  .         Dismiss  .     (no ring)
rCorr  .         Reflect  .     (no ring)
SustAt .         Harm     .     (no ring)
MR     .....     Clarity  +     (no ring)
Stlth  ++++......               (no ring)
                                (no ring)
                                (no ring)
                                (no ring)

@: drained, not resistant to hostile enchantments, stealthy
A: almost no armour, amphibious, 8 rings, constrict 8, camouflage 1, blurry
vision 2, clarity, gelatinous body 1
a: Renounce Religion, Evoke Berserk Rage


You were on level 4 of the Dungeon.
You worshipped Okawaru.
Okawaru was noncommittal.
You were not hungry.

You visited 2 branches of the dungeon, and saw 5 of its levels.

You collected 190 gold pieces.

Inventory:

Hand Weapons
 a - a +0 short sword
 l - a +3 dagger (weapon)
Missiles
 n - 5 curare-tipped needles
 o - 27 poisoned needles
 x - 26 stones (quivered)
Jewellery
 j - a cursed amulet of rage (around mantle)
 r - an uncursed ring of poison resistance {unknown}
 v - an uncursed amulet of harm {unknown}
Wands
 b - a wand of flame (15/48)
 c - a wand of enslavement (15/24)
 d - a wand of random effects (15/48)
 w - a wand of polymorph (12/24)
Scrolls
 e - 2 scrolls of teleportation {unknown}
 h - 2 scrolls of identify {unknown}
 s - 3 scrolls of enchant armour {unknown}
 t - a scroll of remove curse {unknown}
Potions
 g - 4 potions of curing {unknown}
 i - 3 potions of heal wounds
 k - a potion of resistance {unknown}
 m - a potion of beneficial mutation {unknown}
 p - a potion of poison {unknown}
 q - a potion of cancellation {unknown}
 u - 2 potions of lignification {unknown}
Comestibles
 f - 3 bread rations


   Skills:
 - Level 1.0(0.6) Fighting
 - Level 1.0(0.6) Short Blades
 * Level 4.2(3.9) Dodging
 * Level 5.7(5.3) Stealth
 + Level 4.1(3.7) Evocations


You had 5 spell levels left.
You didn't know any spells.

Dungeon Overview and Level Annotations

Branches:
Dungeon (4/15)             Temple (1/1) D:4

Altars:
Cheibriados
Dithmenos
Elyvilon
Gozag
Okawaru
Xom
Zin
Lugonu

Annotations:
D:2 Natasha


Innate Abilities, Weirdness & Mutations

You cannot wear most types of armour.
You are amphibious.
You can wear up to eight rings at the same time.
You can use your tentacles to constrict eight enemies at once.
Your skin changes colour to match your surroundings (Stealth).
Your rubbery body absorbs attacks (AC +1).
Scrolls take you longer to read.
You possess an exceptional clarity of mind.


Message History

Okawaru accepts your kill.
No target in view!
No target in view!
Things that are here:
a short sword; a scale mail There isn't anything to butcher here.
Things that are here:
a whip; a leather armour There isn't anything to butcher here.
u - 2 bubbling green potions (gained 1)
Things that are here:
a trident; a leather armour
Found a leather armour.
A scorpion comes into view.
Xom giggles.
You are caught in an explosion of flying shrapnel!
The explosion engulfs you!
Ouch! That really hurt!
You die...
Xom thinks this is hilarious!

## .. .# ####.####
#.......## #
s.#.####.#......#.#
.......@.#..##..#.#
#.#.#..[..........#
#.####..#...#
#.####..#.#.#
#.##...))...#
##.......#..##
#>....#..#..#
#........#..######.
#.....#>##.........


You could see a scorpion (sleeping).

Vanquished Creatures
  A hound (D:4)
  An orc priest (D:4)
  2 orc wizards
  Natasha (D:2)
  A worker ant (D:4)
  A hound skeleton (D:4)
  A worm (D:3)
  A giant gecko (D:1)
  10 orcs
  3 giant cockroaches
  6 goblins
  9 hobgoblins
  3 jackals (D:3)
  3 quokkas
  7 bats
  4 giant newts
  4 kobolds
  9 rats
67 creatures vanquished.

Notes
Turn   | Place    | Note
--------------------------------------------------------------
     0 | D:1      | M4edhros the Octopode Artificer began the quest for the Orb.
     0 | D:1      | Reached XP level 1. HP: 13/13 MP: 3/3
   113 | D:1      | Reached XP level 2. HP: 8/18 MP: 4/4
   675 | D:3      | Reached XP level 3. HP: 20/23 MP: 5/5
   844 | D:4      | Found a staircase to the Ecumenical Temple.
   852 | Temple   | Entered the Ecumenical Temple
   884 | Temple   | Became a worshipper of Xom of Bloodstained Whimsey
   887 | Temple   | Fell from the grace of Xom
   887 | Temple   | Became a worshipper of Warmaster Okawaru
   909 | D:4      | Reached XP level 4. HP: 23/28 MP: 6/6
   970 | D:1      | XOM: noise
  1235 | D:2      | Reached skill level 4 in Stealth
  1249 | D:2      | XOM: medium Chrm miscast
  1292 | D:2      | XOM: mild Divn miscast
  1295 | D:2      | Noticed Natasha
  1304 | D:2      | Killed Natasha
  1338 | D:2      | XOM: give mutations
  1338 | D:2      | Gained mutation: Scrolls take you a little longer to read. [Xom's mischief]
  1338 | D:2      | Gained mutation: You possess an exceptional clarity of mind. [Xom's mischief]
  1338 | D:2      | Gained mutation: Scrolls take you longer to read. [Xom's mischief]
  1571 | D:2      | Noticed Natasha
  1833 | D:2      | Found an opulent altar of Gozag.
  2104 | D:3      | Reached XP level 5. HP: 17/33 MP: 7/7
  2104 | D:3      | XOM: draining
  2529 | D:3      | Reached skill level 5 in Stealth
  2920 | D:4      | Reached XP level 6. HP: 24/38 MP: 9/9
  2954 | D:4      | XOM: severe Erth miscast
  2954 | D:4      | Killed by the severe capriciousness of Xom

Vault maps used:
D:1:      lightli_molten_gateway
D:2:      nicolae_gozag_seed_capital, uniq_natasha
D:3:      first_bread
D:4:      fiery_altar_vehumet, minmay_temple_entry_overgrown,
          grunt_pakellas_basics, uniq_menkaure, uniq_duvessa
Temple:   corrupted_temple

Action                   |  1- 3 |  4- 6 || total
-------------------------+-------+-------++-------
Melee: Short sword       |    40 |       ||    40
       Dagger            |     8 |    93 ||   101
  Use: Potion            |       |     1 ||     1
 Stab: Sleeping          |     3 |    12 ||    15
       Distracted        |       |     1 ||     1
  Eat: Chunk             |       |     6 ||     6
